 Dungeon Crawl Stone Soup version 0.29.1-15-g9cfb28693d (webtiles) character file.

Game seed: 6974466897125956614

5912 kingofthe the Thaumaturge (level 10, -12/50 HPs)
             Began as a Deep Elf Conjurer on Apr 9, 2023.
             Was a Believer of Sif Muna.
             Killed by an exploding yak (17 damage)
             ... ignited by their inner flame
             ... on level 8 of the Dungeon on Apr 10, 2023.
             The game lasted 00:30:29 (12898 turns).

kingofthe the Thaumaturge (Deep Elf Conjurer)      Turns: 12898, Time: 00:30:29

Health: -12/50     AC: 12    Str:  4    XL:     10   Next: 53%
Magic:  8/25       EV: 20    Int: 26    God:    Sif Muna [**....]
Gold:   777        SH:  0    Dex: 15    Spells: 11/27 levels left

rFire   . . .      SeeInvis .   A - +2 dagger (venom)
rCold   . . .      Faith    .   (no shield)
rNeg    . . .      Spirit   .   R - +2 robe {Archmagi}
rPois   .          Reflect  .   z - +0 helmet
rElec   .          Harm     .   J - +0 cloak
rCorr   .          Rampage  .   S - +0 pair of gloves
Will    +....      Archmagi +   u - +0 pair of boots
Stlth   ++++......              (no amulet)
HPRegen 0.16/turn               T - +4 ring of protection
MPRegen 0.19/turn               E - +4 ring of evasion

@: no status effects
A: no striking features
a: Renounce Religion, Channel Magic


You were on level 8 of the Dungeon.
You worshipped Sif Muna.
Sif Muna was pleased with you.
You visited 2 branches of the dungeon, and saw 9 of its levels.
You also visited: Sewer and Ossuary.

You collected 777 gold pieces.


   Skills:
 + Level 8.5 Dodging
 + Level 9.1 Stealth
 + Level 9.3 Spellcasting
 + Level 8.6 Conjurations
 + Level 8.8 Hexes
 * Level 3.8 Necromancy
 * Level 3.5 Earth Magic


You had 11 spell levels left.
You knew the following spells:

 Your Spells              Type           Power      Damage    Failure   Level
a - Magic Dart            Conj           100%       1d8       1%          1
b - Searing Ray           Conj           100%       2d8       1%          2
c - Fulminant Prism       Conj/Hex       36%        3d18      1%          4
d - Iskenderun's Mystic   Conj/Tloc      51%        2d11      9%          4
e - Borgnjor's Vile Clut  Necr/Erth      23%        N/A       30%         5

Your spell library contained the following spells:

 Spells                   Type           Power      Damage    Failure   Level
 Necrotise                Necr           100%       1d9       1%          1
 Ensorcelled Hibernation  Hex/Ice        100%       N/A       1%          2
 Dazzling Flash           Conj/Hex       100%       N/A       1%          3
 Passwall                 Tmut/Erth      26%        N/A       3%          2
 Apportation              Tloc           36%        N/A       4%          1
 Summon Small Mammal      Summ           72%        N/A       4%          1
 Swiftness                Air            18%        N/A       14%         3
 Starburst                Conj/Fire      25%        6d8       77%         6
 Alistair's Intoxication  Tmut/Pois      12%        N/A       80%         5
 Eringya's Noxious Bog    Tmut/Pois      9%         N/A       100%        6

Inventory:

Hand Weapons
 e - a +2 short sword of electrocution
 t - a +4 club
 A - a +2 dagger of venom (weapon)
 B - a +2 short sword of venom
Missiles
 c - 2 throwing nets {=f}
Armour
 u - a +0 pair of boots (worn)
 w - the +1 ring mail of Purpose {Int+4 Dex+2}
   (You found it on level 3 of the Dungeon)

   Int:       It affects your intelligence (+4).
   Dex:       It affects your dexterity (+2).
 z - a +0 helmet (worn)
 C - +0 steam dragon scales
 J - a +0 cloak (worn)
 R - a +2 robe of the Archmagi (worn)
 S - a +0 pair of gloves (worn)
Jewellery
 f - a ring of protection from fire
 E - a +4 ring of evasion (right hand)
 F - a ring of fire
 T - a +4 ring of protection (left hand)
Wands
 s - a wand of polymorph (29)
 x - a wand of quicksilver (6)
 O - a wand of roots (9)
Scrolls
 d - 3 scrolls of vulnerability {unknown}
 h - 2 scrolls of enchant weapon {unknown}
 k - 3 scrolls of identify {@r1}
 n - 3 scrolls of enchant armour {unknown}
 o - 4 scrolls of amnesia
 p - 3 scrolls of fog {unknown}
 q - 2 scrolls of brand weapon {unknown}
 v - 3 scrolls of teleportation {unknown}
 y - 2 scrolls of poison {unknown}
 D - a scroll of fear {unknown}
 H - a scroll of noise {unknown}
 L - 5 scrolls of summoning {unknown}
 N - 5 scrolls of immolation
 P - a scroll of acquirement {unknown}
Potions
 a - a potion of haste {unknown}
 b - 2 potions of magic
 g - 3 potions of cancellation {unknown}
 i - 6 potions of might
 j - 6 potions of curing {@q1}
 l - 3 potions of heal wounds {@q2}
 m - 3 potions of ambrosia
 r - 2 potions of resistance
 G - 2 potions of mutation {unknown}
 I - 3 potions of lignification
 K - 3 potions of brilliance
 M - a potion of invisibility {unknown}
 Q - 2 potions of flight {unknown}

Dungeon Overview and Level Annotations

Branches:
Dungeon (8/15)             Temple (1/1) D:5           Sewer (visited)
Ossuary (visited)
   Lair: D:8-11

Altars:
Ashenzari
Cheibriados
Dithmenos
Elyvilon
Fedhas
Gozag
Hepliaklqana
Kikubaaqudgha
Makhleb
Nemelex Xobeh
Okawaru
Qazlal
Ru
Sif Muna
Trog
Uskayaw
Vehumet
Wu Jian
Xom
Yredelemnul
Zin
The Shining One

Shops:
D:4

( ....##....##
##......▓▓.....▓▓...
..####...##
#.......▓▓...▓▓.... .##
##..# ###.......▓▓.▓▓.....
##
#..#####...................
#
#..........................
#
##...............<.........
#
##........................#
#..................###...##
#######..§@.......## #....#
. #.§§§......## ##...# ..
#.§.§.....## ##... ...
##.......## ... ##.Y
##.Y...## #.. ...Y. #.Y...#
#.. ......###....## #.
#.Y'......# #.
......#.....## ##


You could see 2 yaks.


Message History

You hear a bellow!
The searing ray misses the yak.
The yak gores you!
* * * LOW HITPOINT WARNING * * *
The yak attacks as you move away! The yak gores you.
* * * LOW HITPOINT WARNING * * *
The yak attacks as you move away! The yak barely misses you.
The yak attacks as you move away! The yak gores you!
* * * LOW HITPOINT WARNING * * *
As you read the scroll labelled FUHAUSIDURGH, it crumbles to dust.
The creatures around you are filled with an inner flame!
It was a scroll of immolation.
The yak gores you but does no damage.
As you read the scroll labelled ZYAVYC RO PAEM, it crumbles to dust.
It is a scroll of amnesia.
Really abort (and waste the scroll)? [Y]es or [N]o only, please.
Really abort (and waste the scroll)?
Okay, then.
The yak misses you. The yak gores you.
* * * LOW HITPOINT WARNING * * *
Okay, then.
Casting: Searing Ray (safe; 1% risk of failure)
Confirm with . or Enter, or press ? or * to list all spells.
You feel a surge of power!
You erupt in a blast of force!
The mystic blast hits the yak!
Sif Muna accepts your kill.
The mystic blast hits the yak!
Sif Muna accepts your kill.
The yak explodes!
The fiery explosion engulfs you!
You die...

Skill      XL: |  1  2  3  4  5  6  7  8  9 10 |
---------------+-------------------------------+-----
Stealth        | 3 4 5 6 7 8 9 |  9.1
Dodging        | 3 4 5 7 8 |  8.5
Spellcasting   | 4 5 6 7 8 9 |  9.3
Conjurations   | 5 6 7 8 |  8.6
Hexes          | 1 5 8 |  8.8
Earth Magic    | 1 3 |  3.5
Necromancy     | 1 3 |  3.8

Action                   |  1- 3 |  4- 6 |  7- 9 | 10-12 || total
-------------------------+-------+-------+-------+-------++-------
Melee: Short sword       |     1 |       |       |       ||     1
       Unarmed           |       |     1 |       |       ||     1
       Dagger            |       |       |       |     5 ||     5
 Cast: Magic Dart        |    45 |    86 |   114 |    19 ||   264
       Searing Ray       |     8 |    23 |    58 |     8 ||    97
       Fulminant Prism   |       |       |    27 |    21 ||    48
       Iskenderun's Myst |       |       |       |     3 ||     3
  Use: Scroll            |       |       |     8 |     2 ||    10
Armor: Robe              |     2 |     1 |     4 |     7 ||    14
       Animal skin       |       |       |    38 |       ||    38
Dodge: Dodged            |     2 |    11 |   116 |    32 ||   161

Levels and vault maps discovered:
D:1:      minmay_arrival_widening_spiral_wide, layout_basic, minmay_3d_cube
D:2:      layout_basic, ebering_ecumenical_altar_box, minivault_4,
          minmay_quadrilaterals, uniq_sigmund, uniq_terence
D:3:      layout_rooms, kennysheep_slug_shrine, grunt_qazlal_clouds,
          portal_sewer_entry_a, uniq_jessica, uniq_ijyb
D:4:      layout_loops_ring, mainiacjoe_overflow_24_doors, serial_shops,
          nicolae_shop_waterfront, uniq_crazy_yiuf_cottage, uniq_robin
D:5:      cheibrodos_barr_body, layout_cave_pods, lemuel_doored_altar,
          minmay_temple_entry_mini_moons, uniq_menkaure
D:6:      layout_gridville, lemuel_tele_altar, enter_ossuary_2
D:7:      layout_cave_pools, uniq_duvessa
D:8:      layout_layer_cave, lemuel_round_altar, kennysheep_generic_room_16,
          uniq_grum, uniq_joseph, uniq_erica, uniq_gastronok
Temple:   minmay_temple_bridge_d

Notes
Turn   | Place    | Note
-------+----------+-------------------------------------------
     0 | D:1      | kingofthe the Deep Elf Conjurer began the quest for the
                  | Orb.
     0 | D:1      | Reached XP level 1. HP: 10/10 MP: 6/6
   319 | D:1      | Reached XP level 2. HP: 15/15 MP: 4/8
   322 | D:1      | Learned a level 2 spell: Searing Ray
   807 | D:1      | Reached skill level 3 in Stealth
   920 | D:1      | Reached skill level 3 in Dodging
  1008 | D:1      | Reached XP level 3. HP: 19/19 MP: 8/10
  1466 | D:2      | Noticed Terence
  1469 | D:2      | HP: 1/19 [Terence/+0 flail (9)]
  1472 | D:2      | Killed Terence
  1843 | D:2      | Found a faded altar of an unknown god.
  1858 | D:2      | Reached skill level 4 in Spellcasting
  1858 | D:2      | Reached XP level 4. HP: 24/24 MP: 8/12
  1895 | D:2      | Noticed Sigmund
  1901 | D:2      | Killed Sigmund
  1902 | D:2      | Reached skill level 4 in Dodging
  1902 | D:2      | Reached skill level 4 in Stealth
  1902 | D:2      | Reached skill level 5 in Conjurations
  1902 | D:2      | Reached XP level 5. HP: 28/28 MP: 4/14
  1988 | D:2      | Reached XP level 6. HP: 32/32 MP: 6/15
  2088 | D:2      | Reached skill level 5 in Spellcasting
  3008 | D:3      | Found a snail-covered altar of Cheibriados.
  3107 | D:3      | Found a stormy altar of Qazlal.
  3123 | D:3      | Found a glowing drain.
  3133 | Sewer    | Entered a sewer
  3776 | Sewer    | Reached skill level 5 in Stealth
  4252 | D:3      | Noticed Ijyb
  4264 | D:3      | Killed Ijyb
  4464 | D:3      | Noticed Jessica
  4467 | D:3      | Killed Jessica
  4628 | D:3      | Identified the +1 ring mail of Purpose {Int+4 Dex+2}
  4861 | D:4      | Found a sparkling altar of Nemelex Xobeh.
  4867 | D:4      | Reached XP level 7. HP: 36/36 MP: 9/17
  5040 | D:4      | Found a runed translucent door.
  5041 | D:4      | Noticed Crazy Yiuf
  5233 | D:4      | Noticed Robin
  5241 | D:4      | Killed Robin
  5242 | D:4      | Reached skill level 5 in Dodging
  5242 | D:4      | Reached skill level 6 in Conjurations
  5698 | D:4      | Found Tubaalao's Antique Weapon Shoppe.
  5984 | D:4      | Reached skill level 6 in Spellcasting
  6168 | D:4      | Killed Crazy Yiuf
  6263 | D:5      | Entered Level 5 of the Dungeon
  6596 | D:5      | Reached skill level 6 in Stealth
  6641 | D:5      | Learned a level 4 spell: Fulminant Prism
  6693 | D:5      | Reached skill level 1 in Hexes
  6792 | D:5      | Found a staircase to the Ecumenical Temple.
  6803 | D:5      | Reached XP level 8. HP: 41/41 MP: 12/20
  6811 | Temple   | Entered the Ecumenical Temple
  7063 | Temple   | Became a worshipper of Sif Muna the Loreminder
  7203 | D:5      | Reached skill level 6 in Dodging
  7203 | D:5      | Reached skill level 2 in Hexes
  7462 | D:5      | Found a hide-covered altar of Uskayaw.
  7539 | D:5      | Noticed Menkaure
  7543 | D:5      | Killed Menkaure
  7544 | D:5      | Reached skill level 3 in Hexes
  7653 | D:5      | Reached skill level 7 in Spellcasting
  7768 | D:5      | Noticed a troll
  7774 | D:5      | Killed a troll
  7775 | D:5      | Reached skill level 7 in Stealth
  7775 | D:5      | Reached skill level 7 in Conjurations
  7775 | D:5      | Reached skill level 4 in Hexes
  7894 | D:5      | Reached skill level 5 in Hexes
  8310 | D:6      | Found a sand-covered staircase.
  8315 | Ossuary  | Entered an ossuary
  8328 | Ossuary  | Reached * piety under Sif Muna
  8695 | Ossuary  | Identified 2 potions of resistance
  8733 | D:6      | Reached skill level 7 in Dodging
  8733 | D:6      | Reached XP level 9. HP: 31/45 MP: 16/22
  8781 | D:6      | Noticed a two-headed ogre
  9079 | D:6      | Found a radiant altar of Vehumet.
  9223 | D:6      | Reached skill level 6 in Hexes
  9587 | D:6      | Reached skill level 8 in Spellcasting
  9815 | D:6      | Killed a two-headed ogre
  9816 | D:6      | Reached skill level 8 in Stealth
  9816 | D:6      | Reached skill level 7 in Hexes
 10067 | D:7      | Reached skill level 8 in Conjurations
 10221 | D:6      | Reached ** piety under Sif Muna
 10317 | D:7      | Reached skill level 8 in Hexes
 10423 | D:7      | Noticed Duvessa
 10430 | D:7      | Identified a +1 robe of the Archmagi
 10430 | D:7      | Noticed Dowan
 10431 | D:7      | Killed Duvessa
 10432 | D:7      | Reached skill level 8 in Dodging
 10528 | D:7      | Killed Dowan
 10555 | D:6      | Learned a level 5 spell: Borgnjor's Vile Clutch
 10740 | D:7      | Reached skill level 1 in Earth Magic
 10852 | D:7      | Reached skill level 1 in Necromancy
 10852 | D:7      | Reached XP level 10. HP: 50/50 MP: 16/24
 11423 | D:7      | Learned a level 4 spell: Iskenderun's Mystic Blast
 11443 | D:8      | Noticed Grum
 11443 | D:8      | Identified a +2 robe of the Archmagi
 11443 | D:8      | Noticed Erica
 11459 | D:8      | Noticed Joseph
 11486 | D:8      | Reached skill level 9 in Spellcasting
 11532 | D:8      | Killed Erica
 11533 | D:8      | Reached skill level 2 in Necromancy
 11533 | D:8      | Reached skill level 2 in Earth Magic
 11860 | D:8      | Killed Grum
 11861 | D:8      | Reached skill level 9 in Stealth
 11861 | D:8      | Reached skill level 3 in Necromancy
 11868 | D:7      | Reached skill level 3 in Earth Magic
 12262 | D:8      | Killed Joseph
 12415 | D:8      | Reached *** piety under Sif Muna
 12831 | D:8      | Found a basalt altar of Yredelemnul.
 12897 | D:8      | HP: 5/50 [yak (5)]
 12898 | D:8      | Killed by an exploding yak... ignited by their inner flame

Vanquished Creatures
  A two-headed ogre (D:6)
  Erica (D:8)
  Joseph (D:8)
  A troll (D:5)
  A hornet (D:7)
  Sigmund (D:2)
  2 yaks (D:8)
  Grum (D:8)
  2 steam dragons (D:7)
  Menkaure (D:5)
  Duvessa (D:7)
  A water moccasin (D:5)
  3 orc warriors (D:7)
  2 black bears (D:5)
  An ogre (D:5)
  3 wolves
  4 centaurs
  3 necrophages
  A bullfrog (D:6)
  4 scorpions
  3 wights (D:8)
  Dowan (D:7)
  4 killer bees (D:6)
  2 howler monkeys
  4 hounds
  A jelly (D:5)
  5 orc priests
  Ijyb (D:3)
  Crazy Yiuf (D:4)
  Jessica (D:3)
  4 iguanas
  Terence (D:2)
  5 orc wizards
  8 mummies (Ossuary)
  Robin (D:4)
  7 adders
  6 gnolls
  3 river rats (Sewer)
  A shadow imp (D:6)
  An ufetubus (D:5)
  4 dart slugs
  32 orcs
  9 endoplasms
  3 giant cockroaches
  9 hobgoblins
  5 jackals
  12 kobolds
  6 quokkas
  10 ball pythons
  2 bats (D:2)
  10 frilled lizards
  2 gnoll zombies (Ossuary)
  12 goblins
  2 hobgoblin zombies (Ossuary)
  2 kobold zombies (Ossuary)
  2 orc zombies (Ossuary)
  9 rats
226 creatures vanquished.

Vanquished Creatures (others)
  48 fulminant prisms
  7 plants (Sewer)
55 creatures vanquished.

Grand Total: 281 creatures vanquished

Table legend: (Time is in decaauts)
 A = Elapsed time spent in this place.
 B = Non-inter-level travel time spent in this place.
 C = Inter-level travel time spent in this place.
 D = Time resting spent in this place.
 E = Time spent auto-exploring this place.
 F = Levels seen in this place.
 G = Mean time per level.
                   A        B        C        D        E       F      G
               +--------+--------+--------+--------+--------+-----+--------+
         Total |  13073 |  12743 |    330 |   2189 |   8890 |  11 | 1188.5 |
       Dungeon |  11136 |  10848 |    288 |   1988 |   7428 |   8 | 1392.0 |
        Temple |    355 |    313 |     42 |      0 |    302 |   1 |  355.0 |
         Sewer |   1172 |   1172 |      0 |      0 |   1049 |   1 | 1172.0 |
       Ossuary |    408 |    408 |      0 |    201 |    111 |   1 |  408.0 |
               +--------+--------+--------+--------+--------+-----+--------+

Top non-repeatable levels by time:
     D:5: 1634 daAuts
     D:4: 1612 daAuts
     D:7: 1565 daAuts
     D:2: 1538 daAuts
     D:6: 1512 daAuts
     D:1: 1413 daAuts
   Sewer: 1172 daAuts
     D:8: 997 daAuts
     D:3: 861 daAuts
 Ossuary: 408 daAuts
  Temple: 355 daAuts

Table legend:
 A = Non-vault XP
 B = Vault XP
 C = Vault XP percentage of total XP
 D = Non-vault monster count
 E = Vault monster count
 F = Vault count percentage of total count
                 A         B        C        D         E       F
            +---------+---------+-------+---------+---------+-------
      Total |    5220 |    3644 |  41.1 |     143 |      83 |  36.7
            +---------+---------+-------+---------+---------+-------
        D:1 |      43 |      11 |  20.4 |      25 |       7 |  21.9
        D:2 |      65 |     288 |  81.6 |      12 |       6 |  33.3
        D:3 |      40 |      81 |  66.9 |      19 |       5 |  20.8
        D:4 |     291 |      63 |  17.8 |      15 |       8 |  34.8
        D:5 |     829 |     904 |  52.2 |      16 |      13 |  44.8
        D:6 |    1625 |       0 |   0.0 |      20 |       0 |   0.0
        D:7 |    1436 |     339 |  19.1 |      28 |       3 |   9.7
        D:8 |     891 |    1682 |  65.4 |       8 |       5 |  38.5
      Sewer |       0 |     123 | 100.0 |       0 |      20 | 100.0
    Ossuary |       0 |     153 | 100.0 |       0 |      16 | 100.0
            +---------+---------+-------+---------+---------+-------
